 Dungeon Crawl Stone Soup version 0.29-a0-813-g4a14ea37d6 (webtiles) character file.

Game seed: 7844805103281958509

4113 DuloT34 the Cleaver (level 10, -7/86 (88) HPs)
             Began as a Hill Orc Monk on July 4, 2022.
             Was a Priest of Nemelex Xobeh.
             Mangled by a two-headed ogre
             ... wielding a +0 giant club
              (13 damage)
             ... on level 9 of the Dungeon.
             The game lasted 00:14:54 (12838 turns).

DuloT34 the Cleaver (Hill Orc Monk)                Turns: 12838, Time: 00:14:55

HP:   -7/86 (88)    AC: 10    Str: 28    XL:     10   Next: 26%
MP:   16/17         EV: 12    Int: 10    God:    Nemelex Xobeh [***...]
Gold: 57            SH:  0    Dex: 13    Spells: 9/9 levels left

rFire   x . .      SeeInvis .   I - +5 battleaxe of the Orcish Mines {holy, rF- rC+ Str+9 Dex-4}
rCold   + . .      Faith    .   (shield currently unavailable)
rNeg    + . .      Spirit   .   l - +6 leather armour "Rengacre" {Will+ Dex+4}
rPois   .          Reflect  .   t - +0 helmet
rElec   .          Harm     .   (no cloak)
rCorr   .          Rampage  .   (no gloves)
Will    +....                   (no boots)
Stlth   ++........              (no amulet)
HPRegen 0.24/turn               f - ring of positive energy
MPRegen 0.15/turn               (no ring)

@: elixired, flying, lightly drained
A: no striking features
a: Renounce Religion, Draw Escape, Draw Destruction, Draw Summoning, Triple Draw


You were on level 9 of the Dungeon.
You worshipped Nemelex Xobeh.
Nemelex Xobeh was most pleased with you.
You visited 1 branch of the dungeon, and saw 9 of its levels.

You collected 515 gold pieces.
You spent 458 gold pieces at shops.

Inventory:

Hand Weapons
 a - a +1 hand axe
 i - a +2 flail of protection
 I - the +5 battleaxe of the Orcish Mines (weapon) {holy, rF- rC+ Str+9 Dex-4}
   (You bought it in a shop on level 4 of the Dungeon)

   It has been blessed by the Shining One to cause great damage to the undead
   and demons.
   Str:       It affects your strength (+9).
   Dex:       It affects your dexterity (-4).
   rF:        It makes you vulnerable to fire.
   rC:        It protects you from cold.
 N - a +5 war axe of freezing
Missiles
 K - a throwing net (quivered)
Armour
 b - a +0 robe
 l - the +6 leather armour "Rengacre" (worn) {Will+ Dex+4}
   (You found it on level 2 of the Dungeon)

   Dex:       It affects your dexterity (+4).
   Will:      It increases your willpower.
 t - a +0 helmet (worn)
 B - a +0 kite shield
 G - a +0 plate armour
Jewellery
 f - a ring of positive energy (left hand)
 H - a +4 ring of evasion
Wands
 u - a wand of flame (22)
 v - a wand of roots (5)
 C - a wand of paralysis (11)
 D - a wand of mindburst (17)
 F - a wand of digging (11)
Scrolls
 d - 7 scrolls of teleportation
 e - 2 scrolls of noise {unknown}
 g - 3 scrolls of immolation
 k - a scroll of vulnerability
 n - 2 scrolls of fog
 o - 3 scrolls of poison
 q - 10 scrolls of identify
 r - 2 scrolls of fear
 y - a scroll of blinking
 E - a scroll of acquirement {unknown}
 J - a scroll of brand weapon {unknown}
 M - 2 scrolls of torment {unknown}
 O - a scroll of amnesia {unknown}
Potions
 c - 2 potions of ambrosia
 h - 3 potions of brilliance
 m - 3 potions of magic
 p - 2 potions of heal wounds {unknown}
 s - 2 potions of haste {unknown}
 w - 4 potions of attraction
 x - a potion of flight
 z - 2 potions of berserk rage {unknown}
 A - 2 potions of invisibility {unknown}
 L - a potion of cancellation {unknown}


   Skills:
 + Level 7.8 Fighting
 - Level 14.0 Axes
 - Level 3.4 Armour
 - Level 2.4 Dodging
 - Level 1.5 Stealth
 - Level 10.0 Invocations


You had 9 spell levels left.
You didn't know any spells.
Your spell library contained the following spells:

 Spells                   Type           Power      Damage    Failure   Level
 Ensorcelled Hibernation  Hex/Ice        0%         N/A       54%         2
 Passwall                 Tmut/Erth      0%         N/A       54%         2
 Call Canine Familiar     Summ           0%         N/A       77%         3
 Conjure Flame            Conj/Fire      0%         6-21      77%         3
 Gell's Gravitas          Tloc           0%         N/A       77%         3
 Ignite Poison            Fire/Tmut/Pois 0%         N/A       77%         3
 Portal Projectile        Hex/Tloc       0%         N/A       77%         3
 Summon Guardian Golem    Hex/Summ       0%         N/A       77%         3
 Swiftness                Air            0%         N/A       77%         3
 Teleport Other           Tloc           0%         N/A       77%         3
 Tukima's Dance           Hex            0%         N/A       77%         3
 Leda's Liquefaction      Hex/Erth       0%         N/A       99%         4
 Sticky Flame             Conj/Fire      0%         2d3       99%         4
 Blade Hands              Tmut           0%         N/A       100%        5
 Dispersal                Tloc           0%         N/A       100%        6
 Orb of Destruction       Conj           0%         9d5       100%        7
 Spellforged Servitor     Conj/Summ      0%         N/A       100%        7


Dungeon Overview and Level Annotations

Branches:
Dungeon (9/15)             Temple (0/1) D:6            Lair (0/6) D:8
    Orc: D:9-12

Altars:
Cheibriados
Dithmenos
Elyvilon
Gozag
Nemelex Xobeh
Qazlal
Vehumet
Xom
The Shining One

Shops:
D:4 [?((

Annotations:
D:7 2 transporters


Message History

You open the large door.
A two-headed ogre comes into view. It is wielding two +0 giant clubs.
The two-headed ogre shouts in stereo!
A steam dragon comes into view.
There are monsters nearby!
There are monsters nearby!
The steam dragon hisses angrily.
The two-headed ogre hits you with a +0 giant club.
The two-headed ogre hits you with a +0 giant club!
There is a large open door, spattered with blood here.
You draw a card...
You have drawn the Tomb.
Walls emerge from the floor!
You draw a card...
You have drawn Degeneration.
Nothing appears to happen.
The two-headed ogre hits you with a +0 giant club!! x2
* * * LOW HITPOINT WARNING * * *
You draw a card...
You have drawn the Cloud.
Clouds appear around you! The two-headed ogre barely misses you.
The two-headed ogre hits you with a +0 giant club.
* * * LOW HITPOINT WARNING * * *
You draw a card...
You have drawn the Storm.
A fierce wind blows from the card.
The two-headed ogre is blown away by the wind.
Okay, then.
It was a potion of flight.
You feel very buoyant.
You fly up into the air.
You draw a card...
You have drawn Wild Magic.
The two-headed ogre is hit by flying rocks.
The steam dragon looks sleepy for a second.
The steam dragon seems to slow down.
You feel a surge of magic.
You draw... (choose one card, ? for their descriptions)
a - the Elixir b - Exile c - Exile You have drawn the Elixir.
You begin rapidly regenerating health and magic.
You can no longer deal four cards at a time.
The two-headed ogre hits you with a +0 giant club!!
* * * LOW HITPOINT WARNING * * *
The two-headed ogre hits you with a +0 giant club!
You die...
Your body disappears without a glow.

#.### .# #...##.#
#....#.# #....#.#
#......# #......#
##++ #
#..<...#####D§.
..#
##.....##.##O#.§#
#........#@#§D§
##.....#####§§§
......#######.#.§
....#### .....
..## ##++## #


You could see a two-headed ogre and a steam dragon (slow).

Vanquished Creatures
  Sigmund (D:3)
  2 yaks (D:8)
  Edmund (D:5)
  3 water moccasins (D:8)
  Duvessa (D:5)
  6 black bears
  2 ogres
  Blork the orc (D:4)
  4 bullfrogs
  2 scorpions
  A gnoll sergeant (D:7)
  A necrophage (D:8)
  4 wights (D:8)
  Dowan (D:5)
  2 jellies
  3 howler monkeys (D:7)
  2 electric eels (D:6)
  7 orc priests
  7 hounds
  A gnoll bouda (D:7)
  Ijyb (D:3)
  Terence (D:3)
  5 iguanas
  Natasha (thrice) (D:3)
  8 orc wizards
  7 adders
  10 gnolls
  4 white imps
  4 ufetubi
  2 worms
  7 dart slugs
  21 orcs
  6 bats
  6 endoplasms
  3 giant cockroaches
  4 goblins
  7 hobgoblins
  2 jackals (D:3)
  3 quokkas
  5 ball pythons
  3 kobolds
  A rat (D:2)
165 creatures vanquished.

Vanquished Creatures (collateral kills)
  A steam dragon (D:6)
1 creature vanquished.

Vanquished Creatures (others)
  5 dream sheep (D:3)
  A dart slug (D:6)
  A quokka (D:7)
  A rat (D:6)
  19 fungi (D:8)
  33 plants
  8 withered plants (D:1)
68 creatures vanquished.

Grand Total: 234 creatures vanquished

Notes
Turn   | Place    | Note
-------+----------+-------------------------------------------
     0 | D:1      | DuloT34 the Hill Orc Monk began the quest for the Orb.
     0 | D:1      | Reached XP level 1. HP: 19/19 MP: 1/1
   267 | D:1      | Reached XP level 2. HP: 27/27 MP: 2/2
   444 | D:1      | Found a faded altar of an unknown god.
  1262 | D:2      | Identified the +6 leather armour "Rengacre" {Will+ Dex+4}
  1273 | D:2      | Reached XP level 3. HP: 32/34 MP: 3/3
  1775 | D:2      | Reached skill level 5 in Axes
  2215 | D:3      | Reached skill level 1 in Armour
  2215 | D:3      | Reached XP level 4. HP: 33/41 MP: 4/4
  2308 | D:3      | Noticed Terence
  2334 | D:3      | Killed Terence
  2335 | D:3      | Reached skill level 5 in Fighting
  2478 | D:3      | Reached XP level 5. HP: 48/48 MP: 5/5
  2500 | D:3      | Found a glowing golden altar of the Shining One.
  2506 | D:3      | Noticed a dream sheep
  2506 | D:3      | Noticed a dream sheep
  2506 | D:3      | Noticed a dream sheep
  2506 | D:3      | Noticed a dream sheep
  2506 | D:3      | Noticed a dream sheep
  2506 | D:3      | Found a shimmering altar of Xom.
  2510 | D:3      | Killed a dream sheep
  2510 | D:3      | Killed a dream sheep
  2510 | D:3      | Killed a dream sheep
  2510 | D:3      | Killed a dream sheep
  2511 | D:3      | Killed a dream sheep
  2577 | D:3      | Found a snail-covered altar of Cheibriados.
  2584 | D:3      | Noticed Natasha
  2591 | D:3      | Killed Natasha
  2727 | D:3      | Noticed Sigmund
  2740 | D:3      | Killed Sigmund
  2741 | D:3      | Reached skill level 6 in Axes
  2741 | D:3      | Reached XP level 6. HP: 57/57 MP: 6/6
  2951 | D:3      | Noticed Natasha
  2976 | D:3      | Killed Natasha
  3247 | D:3      | Noticed Ijyb
  3275 | D:3      | Killed Ijyb
  3546 | D:3      | Noticed Natasha
  3556 | D:3      | Killed Natasha
  3646 | D:4      | Reached skill level 7 in Axes
  3646 | D:4      | Reached XP level 7. HP: 63/63 MP: 7/7
  3843 | D:4      | Found Vonwur's Magic Scroll Boutique.
  3846 | D:4      | Bought a scroll of teleportation for 33 gold pieces
  3846 | D:4      | Bought a scroll of blinking for 82 gold pieces
  3846 | D:4      | Bought 2 scrolls of identify for 44 gold pieces
  3858 | D:4      | Found Puozisk's Antique Weapon Emporium.
  3867 | D:4      | Found a sparkling altar of Nemelex Xobeh.
  3875 | D:4      | Became a worshipper of Nemelex Xobeh the Trickster
  3875 | D:4      | Reached * piety under Nemelex Xobeh
  3875 | D:4      | Received a gift from Nemelex Xobeh
  3875 | D:4      | Reached ** piety under Nemelex Xobeh
  3893 | D:4      | Reached skill level 8 in Axes
  4258 | D:4      | Reached skill level 1 in Invocations
  4421 | D:4      | Found Guvuq's Antique Armour Boutique.
  4479 | D:4      | Found a shadowy altar of Dithmenos.
  4479 | D:4      | Noticed Blork the orc
  4491 | D:4      | Killed Blork the orc
  4608 | D:4      | Found Gucveoci's Antique Weapon Shoppe.
  4641 | D:4      | Found a radiant altar of Vehumet.
  4808 | D:5      | Entered Level 5 of the Dungeon
  4808 | D:5      | Noticed Duvessa
  4808 | D:5      | Noticed Dowan
  4816 | D:5      | Killed Duvessa
  4817 | D:5      | Reached skill level 9 in Axes
  4830 | D:5      | Killed Dowan
  4831 | D:5      | Reached XP level 8. HP: 44/70 MP: 9/11
  5661 | D:5      | Found a stormy altar of Qazlal.
  5809 | D:5      | Reached skill level 5 in Invocations
  5903 | D:5      | Reached skill level 10 in Axes
  6013 | D:5      | Noticed Edmund
  6067 | D:5      | Killed Edmund
  7037 | D:6      | Received a gift from Nemelex Xobeh
  7988 | D:6      | Reached skill level 11 in Axes
  8180 | D:6      | Received a gift from Nemelex Xobeh
  8204 | D:6      | Reached XP level 9. HP: 68/75 MP: 14/14
  8219 | D:6      | Identified the -1 long sword "Jonenkee" {antimagic, rPois
                  | rN++ Int-5 SInv}
  8872 | D:6      | Found a staircase to the Ecumenical Temple.
  9251 | D:7      | Found a transporter.
  9352 | D:7      | Reached *** piety under Nemelex Xobeh
  9544 | D:7      | Found a transporter.
  9958 | D:7      | Reached skill level 12 in Axes
 10334 | D:7      | Found a white marble altar of Elyvilon.
 10514 | D:4      | Bought a shimmering battleaxe for 299 gold pieces
 10514 | D:4      | Identified the +5 battleaxe of the Orcish Mines {holy, rF-
                  | rC+ Str+9 Dex-4} (You bought it in a shop on level 4 of the
                  | Dungeon)
 11365 | D:8      | Found an opulent altar of Gozag.
 11452 | D:8      | Reached skill level 10 in Invocations
 11457 | D:8      | Reached skill level 13 in Axes
 11461 | D:8      | Reached XP level 10. HP: 53/83 MP: 17/17
 11549 | D:8      | Reached skill level 14 in Axes
 11741 | D:8      | Found a staircase to the Lair.
 12097 | D:8      | Received a gift from Nemelex Xobeh
 12632 | D:8      | Reached **** piety under Nemelex Xobeh
 12830 | D:9      | Noticed a two-headed ogre
 12838 | D:9      | Mangled by a two-headed ogre

Illustrated notes

Levels and vault maps discovered:
D:1:      mrwooster_arrival_statue_3, layout_loops_ring,
          shapermc_ecumenical_altar_flowoftime
D:2:      minmay_general_purpose_star, layout_rooms,
          nicolae_concentric_dashed_squares_wild
D:3:      layout_basic, general_overflow_altar, lemuel_tele_altar,
          kb_xom_exploding_sheep, uniq_ijyb, uniq_natasha, uniq_sigmund,
          uniq_terence
D:4:      layout_loops_ring, nicolae_dithmenos_through_a_glass_darkly,
          lemuel_crystal_altar, old_standard_altar, serial_shops,
          nicolae_shop_competitors_out_of_business,
          nicolae_shop_advertising_works [nicolae_subvault_shop_adworks],
          kennysheep_mini_moat, shop, serial_forest, infiniplex_forest_lined_1,
          infiniplex_forest_clump_long, infiniplex_forest_diagonal,
          infiniplex_forest_corner_1, uniq_blork_the_orc
D:5:      layout_basic, lemuel_doored_altar, chequers_avenue, uniq_duvessa,
          uniq_edmund
D:6:      kennysheep_slugbush, layout_basic, minmay_temple_entry_proselytizer,
          roderic_lattice_a
D:7:      gammafunk_steamed_eel, layout_layer_cave, elyvilon_altar_4,
          serial_park_tiny_1, minmay_misc_feat_rugged, uniq_prince_ribbit1
D:8:      layout_basic, kennysheep_mini, due_lair_maze_entry_diamond
D:9:      hellmonk_crumbling_castle, layout_cave_pods,
          kiku_gazebo_garden_becter, overflow_temple_1_default,
          columned_hall_lemuel, corner_web_ring, kennysheep_generic_room_15

Skill      XL: |  1  2  3  4  5  6  7  8  9 10 |
---------------+-------------------------------+-----
Fighting       | 4 5 6 7 |  7.8
Axes           | 5 6 7 9 11 13 14 | 14.0
Armour         | 1 3 |  3.4
Invocations    | 4 7 10 | 10.0
Dodging        | |  2.4
Stealth        | |  1.5

Action                   |  1- 3 |  4- 6 |  7- 9 | 10-12 || total
-------------------------+-------+-------+-------+-------++-------
Melee: Hand axe          |   101 |   122 |   381 |       ||   604
       Punch             |     1 |       |     7 |       ||     8
       Battleaxe         |       |       |    61 |    29 ||    90
Invok: Draw Destruction  |       |       |    12 |     3 ||    15
       Draw Escape       |       |       |     2 |     2 ||     4
       Draw Summoning    |       |       |     1 |       ||     1
       Triple Draw       |       |       |       |     1 ||     1
Evoke: Wand              |       |       |    12 |       ||    12
  Use: Scroll            |     6 |       |     7 |     2 ||    15
       Potion            |       |       |     2 |     1 ||     3
 Stab: Sleeping          |     3 |       |     6 |     1 ||    10
Armor: Robe              |    17 |       |       |       ||    17
       Leather armour    |     6 |    31 |   177 |     2 ||   216
Dodge: Dodged            |    68 |    67 |   254 |    12 ||   401

Table legend: (Time is in decaauts)
 A = Elapsed time spent in this place.
 B = Non-inter-level travel time spent in this place.
 C = Inter-level travel time spent in this place.
 D = Time resting spent in this place.
 E = Time spent auto-exploring this place.
 F = Levels seen in this place.
 G = Mean time per level.
                   A        B        C        D        E       F      G
               +--------+--------+--------+--------+--------+-----+--------+
         Total |  12792 |  12241 |    551 |   4208 |   6633 |   9 | 1421.3 |
       Dungeon |  12792 |  12241 |    551 |   4208 |   6633 |   9 | 1421.3 |
               +--------+--------+--------+--------+--------+-----+--------+

Top non-repeatable levels by time:
     D:6: 2345 daAuts
     D:5: 2261 daAuts
     D:7: 1756 daAuts
     D:8: 1541 daAuts
     D:3: 1455 daAuts
     D:4: 1229 daAuts
     D:2: 1155 daAuts
     D:1: 1030 daAuts
     D:9: 15 daAuts
